Map: 机械城 - 天梯版

Players

INnoVation - Winner!

  • Race: Terran Terran
  • League: Diamond

Lambo

  • Race: Zerg Zerg
  • League: Platinum

Event: WESG 2018 Grand Finals

VOD

Have the link to the VOD?

Description

Time

  • Played on: March 14, 2019, 7:27 a.m.
  • Length: 20:24

All games in this series

Show
View Real Time Build Order
Export as new Build Order

INnoVation Terran - Winner!

Build Orders: Gas First Reaper Expand, Hellion Opening 

Get SALT Encoding   

  12  0:00  SCV  
  13  0:13  SCV  
  14  0:17  Supply Depot  
  14  0:25  SCV  
  15  0:28  Refinery  
  15  0:39  SCV  
  16  0:45  Barracks  
  16  0:51  SCV  
  17  1:03  SCV  
  18  1:15  SCV  
  19  1:32  Reaper, Orbital Command  
  20  1:43  Command Center  
  20  1:54  Factory  
  20  1:58  SCV  
  21  2:05  Barracks Reactor  
  21  2:10  SCV  
  21  2:14  Supply Depot  
  22  2:17  Refinery  
  22  2:22  SCV  
  23  2:36  SCV  
  24  2:43  Starport  
  24  2:46  Hellion x2  
  24  2:48  Marine, SCV  
  30  2:55  Orbital Command  
  30  3:00  SCV  
  31  3:09  Hellion x2  
  31  3:11  Barracks Tech Lab  
  35  3:19  Viking  
  37  3:21  SCV  
  38  3:29  Supply Depot  
  38  3:30  Marauder  
  40  3:38  Hellion x2  
  44  3:49  Medivac  
  44  3:52  Marauder, Supply Depot  
  48  3:56  Armory  
  48  4:03  Hellion x2  
  48  4:09  SCV x2  
  54  4:11  Concussive Shells, Liberator  
  54  4:26  Hellion x2  
  61  4:32  Supply Depot  
  61  4:33  SCV  
  62  4:54  Hellion x2, SCV x2  
  62  4:55  Liberator  
  62  4:56  Supply Depot  
  65  5:11  SCV x2  
  58  5:15  Hellion x2  
  58  5:23  SCV x2, Command Center  
  56  5:35  SCV x2  
  58  5:37  Stimpack  
  58  5:41  Hellion  
  58  5:44  Factory Reactor  
  58  5:47  SCV x2  
  60  5:54  Barracks  
  60  5:56  Barracks, Marine  
  61  5:59  SCV x2, Starport Reactor  
  61  6:02  Engineering Bay x2  
  63  6:11  Refinery, SCV x2  
  63  6:12  Refinery  
  63  6:14  Marine  
  66  6:23  SCV  
  65  6:32  Marine, SCV  
  65  6:34  Terran Infantry Weapons Level 1, Terran Infantry Armor Level 1  
  65  6:35  Orbital Command, SCV  
  64  6:44  SCV  
  65  6:48  SCV  
  65  6:49  Marine  
  65  6:50  Marine  
  65  6:51  Marine  
  62  6:55  Medivac  
  62  6:56  Medivac, Barracks, Marine x2, SCV  
  62  6:58  Barracks  
  62  6:59  Factory Tech Lab  
  62  7:00  SCV  
  70  7:05  Orbital Command  
  70  7:07  Marine  
  68  7:08  Marine, SCV  
  68  7:09  Marine  
  68  7:13  SCV  
  68  7:14  Marine x2  
  74  7:18  Supply Depot, Siege Tank  
  74  7:20  SCV  
  78  7:25  Marine, SCV  
  78  7:26  Marine x2  
  82  7:30  SCV  
  82  7:32  Marine x2  
  82  7:33  Refinery, SCV  
  87  7:37  Supply Depot, SCV  
  87  7:43  Combat Shield, Marine, SCV  
  89  7:44  Barracks Reactor  
  89  7:45  Barracks Reactor  
  89  7:46  SCV  
  89  7:47  Marine  
  89  7:48  Marine  
  89  7:49  SCV  
  89  7:50  Marine x2, Siege Tank  
  98  7:54  Medivac  
  98  7:55  Supply Depot, SCV  
  101  7:59  Medivac, SCV  
  101  8:01  Supply Depot  
  101  8:03  SCV  
  105  8:06  Marine x3  
  105  8:07  SCV  
  109  8:12  Supply Depot  
  109  8:17  Marine x2, SCV  
  112  8:22  Marine x4  
  112  8:24  Marine  
  112  8:25  SCV  
  112  8:26  SCV  
  118  8:29  SCV  
  118  8:30  Factory, Factory Reactor  
  118  8:33  Command Center  
  119  8:40  Marine  
  119  8:41  Marine x7  
  125  8:42  Marine  
  125  8:45  Supply Depot  
  125  8:46  Medivac  
  125  8:48  Medivac  
  132  8:53  Terran Infantry Weapons Level 2  
  132  8:55  Terran Infantry Armor Level 2  
  132  8:58  Marine  
  132  9:01  Factory Tech Lab  
  133  9:06  Marine x5  
  138  9:10  Supply Depot  
  138  9:11  Refinery, Supply Depot  
  138  9:12  Terran Vehicle Weapons Level 1  
  138  9:15  Siege Tank  
  139  9:24  Supply Depot  
  139  9:26  Medivac  
  141  9:31  Marine x2  
  141  9:32  Medivac, Siege Tank  
  141  9:34  Supply Depot  
  141  9:36  Supply Depot  
  148  9:40  SCV x3  
  148  9:45  Marine  
  150  9:52  Siege Tank, SCV x3  
  156  9:56  Sensor Tower  
  156  10:04  Siege Tank  
  156  10:06  Marine x2  
  156  10:07  Marine x6  
  167  10:25  Medivac x2, Marine x5, Siege Tank  
  167  10:26  Marine  
  176  10:32  Planetary Fortress  
  171  10:36  Siege Tank  
  169  10:43  Refinery x2  
  169  10:47  Barracks  
  169  10:49  Barracks x2  
  168  10:53  Command Center  
  168  10:57  Siege Tank  
  171  10:59  Marine  
  171  11:00  Marauder, Marine x4  
  184  11:11  SCV  
  184  11:12  SCV x2  
  184  11:13  Terran Infantry Weapons Level 3  
  184  11:14  Terran Infantry Armor Level 3  
  184  11:15  Terran Vehicle Weapons Level 2  
  184  11:16  Marine x3  
  184  11:17  Marine x4  
  188  11:21  Marauder  
  188  11:22  Starport  
  190  11:26  Starport  
  190  11:31  Siege Tank  
  193  11:36  Marine x3  
  193  11:37  Fusion Core, Barracks Tech Lab x2  
  193  11:39  Barracks Tech Lab  
  196  11:53  Marine  
  196  11:55  Marine  
  196  11:57  Marine x2  
  196  12:00  Starport Tech Lab  
  191  12:01  Viking x2  
  168  12:12  Siege Tank  
  168  12:13  Starport Reactor, Siege Tank  
  168  12:15  Marauder  
  176  12:16  Marauder x3, Marine x7  
  176  12:17  Command Center  
  189  12:25  Viking  
  189  12:26  Advanced Ballistics  
  191  12:30  Armory  
  191  12:31  Marine  
  191  12:34  Marine  
  191  12:36  Marauder  
  191  12:38  Viking x2  
  195  12:50  Ghost Academy, Viking  
  196  12:55  Viking  
  196  12:57  Orbital Command  
  197  13:01  SCV x3  
  200  13:20  Command Center  
  200  13:23  Viking x3  
  199  13:50  Neosteel Armor  
  199  13:51  Hi-Sec Auto Tracking, Terran Ship Weapons Level 1, Terran Vehicle And Ship Armor Level 1  
  199  14:01  Barracks  
  199  14:02  Command Center  
  199  14:04  Command Center  
  199  14:22  Viking  
  197  14:24  Ghost x3  
  197  14:26  Personal Cloaking  
  199  14:34  Liberator x3  
  199  14:35  Liberator  
  188  14:49  Ghost  
  188  14:51  Viking  
  195  14:52  Ghost  
  195  14:58  Planetary Fortress  
  200  15:18  Orbital Command x2, Command Center  
  200  15:20  Barracks Tech Lab  
  200  15:22  Command Center x2  
  200  15:25  Ghost  
  200  15:27  Viking  
  200  15:28  Marine  
  197  15:34  Viking x2  
  191  15:42  Viking x2  
  170  15:43  Ghost x4  
  170  15:44  Marine x7  
  170  15:45  Marine, Siege Tank  
  170  15:48  Siege Tank  
  190  15:56  Viking  
  187  16:04  Viking x2  
  189  16:12  Viking x2  
  190  16:26  Viking, Siege Tank x2  
  190  16:28  Marine x2  
  190  16:31  Refinery  
  190  16:32  Refinery  
  200  16:34  Orbital Command x2  
  200  16:49  Viking x2  
  165  17:01  Ghost  
  165  17:02  Marine x8, Ghost x4  
  139  17:17  Medivac x3  
  139  17:20  Marine x4  
  149  17:28  Planetary Fortress  
  149  17:29  Marine x4  
  151  17:30  Marine, Ghost  
  151  17:31  Marauder x3  
  151  17:33  SCV x5  
  167  17:38  Marine x4, Viking x2  
  175  17:47  Marine x3, Viking  
  175  17:50  Medivac, Marine x2  
  183  17:52  Marine x3  
  186  18:02  Viking  
  188  18:07  Refinery x2  
  188  18:08  Viking x2  
  188  18:12  Marine x3  
  195  18:14  Sensor Tower  
  195  18:19  Marauder x2  
  199  18:24  Marine  
  199  18:25  Marine  
  189  18:34  Marauder x3  
  171  18:38  Marine x3  
  171  18:41  Marauder x2  
  158  18:43  Medivac x2  
  158  18:47  SCV x5  
  165  18:49  Refinery  
  165  18:50  Marine  
  165  18:52  Marine  
  165  18:55  Marauder x3  
  173  18:56  SCV  
  173  19:01  Command Center  
  173  19:02  Marauder x2  
  178  19:06  Marine x2  
  178  19:07  Marine  
  181  19:12  Marine x3  
  181  19:16  Marauder  
  181  19:17  Marauder x2  
  189  19:20  Marine  
  189  19:23  Marauder  
  189  19:24  Marauder  
  181  19:29  Marine x4  
  181  19:30  Marine x3  
  188  19:38  Marauder x3  
  183  19:45  Marauder x2, Marine  
  152  19:46  Marine  
  152  19:47  Marine x3  
  152  19:52  Medivac x2  
  136  19:59  Marauder x3  
  124  20:01  Marine  
Show
View Real Time Build Order
Export as new Build Order

Lambo Zerg 

Build Orders: Hatch First, Brood Lord Corruptor, Zergling Baneling 

Get SALT Encoding   

  12  0:01  Drone  
  13  0:12  Overlord  
  13  0:18  Drone  
  14  0:31  Drone x2  
  16  0:49  Hatchery  
  15  0:52  Drone  
  15  0:56  Drone  
  17  0:59  Drone  
  18  1:11  Extractor  
  17  1:15  Spawning Pool  
  17  1:18  Drone  
  17  1:21  Drone  
  18  1:28  Drone  
  19  1:42  Drone  
  20  1:53  Overlord  
  20  2:01  Queen x2  
  20  2:02  Zergling x4  
  26  2:12  Metabolic Boost  
  26  2:13  Drone  
  26  2:15  Drone  
  28  2:25  Drone x2  
  30  2:38  Hatchery  
  30  2:43  Drone  
  30  2:46  Drone  
  31  2:51  Queen  
  31  2:55  Overlord  
  33  2:59  Drone  
  33  3:01  Drone  
  35  3:08  Drone  
  36  3:14  Drone  
  36  3:15  Drone x3  
  36  3:16  Overlord  
  40  3:21  Drone  
  40  3:23  Drone  
  42  3:29  Queen  
  44  3:35  Queen  
  44  3:39  Zergling x6  
  49  3:47  Zergling x2  
  50  3:48  Overlord  
  50  3:50  Drone x3  
  50  3:54  Queen  
  55  3:59  Zergling x2  
  55  4:01  Drone  
  57  4:04  Baneling Nest, Drone  
  57  4:06  Drone  
  57  4:09  Drone x2  
  60  4:11  Overlord  
  60  4:14  Drone  
  60  4:16  Drone  
  63  4:17  Drone  
  63  4:21  Queen  
  64  4:25  Spore Crawler  
  64  4:26  Spore Crawler  
  64  4:30  Drone  
  64  4:31  Drone  
  64  4:33  Spore Crawler, Drone  
  64  4:42  Drone x2  
  66  4:47  Baneling x7  
  66  4:48  Drone x2  
  66  4:51  Baneling x2  
  68  4:55  Zergling x10, Baneling  
  73  5:06  Zergling x2  
  73  5:07  Zergling x4  
  70  5:20  Overlord x3  
  66  5:32  Queen, Evolution Chamber  
  66  5:33  Drone x2, Extractor x2  
  65  5:35  Queen  
  65  5:36  Evolution Chamber  
  65  5:38  Drone x3  
  65  5:40  Drone x4  
  65  5:41  Drone  
  74  5:46  Zergling x2  
  74  5:48  Lair  
  74  5:49  Drone  
  76  5:54  Zergling x4  
  78  6:00  Drone  
  79  6:05  Drone  
  79  6:06  Drone x6  
  79  6:08  Hatchery, Drone x2  
  87  6:11  Drone x2  
  87  6:14  Drone  
  90  6:20  Overlord  
  90  6:24  Overlord  
  90  6:25  Overlord  
  89  6:29  Overlord  
  89  6:32  Queen  
  88  6:33  Drone  
  86  6:41  Drone x8  
  86  6:44  Drone x3  
  97  6:50  Drone x2  
  97  6:52  Drone  
  99  6:55  Extractor x2  
  94  7:01  Drone x5  
  94  7:02  Zerg Melee Weapons Level 1, Zerg Ground Armor Level 1, Centrifical Hooks  
  98  7:09  Extractor  
  97  7:18  Drone x6  
  97  7:19  Drone x3  
  106  7:23  Zergling x6  
  106  7:24  Overseer  
  106  7:29  Hatchery  
  108  7:31  Zergling x4  
  108  7:32  Baneling x6  
  108  7:36  Hydralisk Den  
  109  7:40  Overlord, Extractor  
  108  7:46  Zergling x20  
  108  7:48  Pneumatized Carapace  
  118  7:59  Zergling x12  
  118  8:02  Drone  
  118  8:03  Infestation Pit  
  125  8:05  Zergling x2  
  125  8:08  Baneling x3  
  125  8:09  Zergling x4  
  125  8:10  Overlord x2  
  125  8:12  Overlord x2  
  127  8:13  Overlord  
  127  8:14  Overlord  
  127  8:16  Overlord  
  127  8:17  Overlord  
  127  8:18  Overlord  
  127  8:19  Overlord  
  122  8:21  Overlord  
  120  8:31  Baneling x2  
  120  8:32  Baneling x2  
  120  8:33  Hydralisk x7  
  134  8:35  Muscular Augments  
  134  8:37  Drone x6  
  134  8:39  Overlord  
  134  8:41  Hydralisk  
  140  8:45  Hydralisk x2  
  140  8:48  Drone x4  
  148  8:49  Drone  
  148  8:51  Drone  
  152  8:59  Hydralisk x5  
  162  9:03  Hydralisk  
  162  9:04  Hydralisk  
  162  9:06  Overlord  
  162  9:07  Overlord  
  162  9:11  Zergling x8  
  162  9:16  Overlord  
  166  9:18  Hive  
  166  9:20  Zerg Ground Armor Level 2  
  166  9:21  Zerg Missile Weapons Level 1  
  166  9:25  Queen  
  166  9:31  Spire, Zergling x8  
  171  9:38  Extractor  
  169  9:40  Hydralisk x5  
  179  9:46  Grooved Spines  
  179  9:49  Zergling x20  
  189  9:59  Zergling x22  
  200  10:13  Baneling x9  
  199  10:14  Zergling x4  
  199  10:16  Overlord  
  199  10:17  Hydralisk x2  
  199  10:18  Zergling x2  
  197  10:24  Overlord  
  197  10:25  Zergling x14  
  197  10:28  Hydralisk x2  
  192  10:32  Extractor  
  193  10:38  Zergling x12  
  199  10:47  Greater Spire  
  199  10:48  Adrenal Glands  
  199  10:55  Baneling x4  
  199  10:56  Baneling x4  
  199  11:02  Extractor  
  198  11:20  Drone  
  198  11:23  Overlord x2  
  199  11:29  Hatchery  
  197  11:59  Zergling x24  
  197  12:00  Zergling x14  
  190  12:09  Zergling x18  
  190  12:12  Overlord x4  
  199  12:16  Baneling x8  
  199  12:18  Zerg Ground Armor Level 3, Zerg Melee Weapons Level 2  
  199  12:19  Zerg Flyer Weapons Level 1  
  199  12:22  Overlord  
  199  12:23  Overlord  
  199  12:26  Overlord  
  199  12:32  Overlord  
  194  12:38  Corruptor x2  
  192  12:48  Corruptor  
  192  12:49  Corruptor x4  
  191  12:54  Corruptor x3  
  197  13:04  Corruptor  
  187  13:28  Brood Lord x6  
  198  13:36  Brood Lord  
  198  13:37  Brood Lord x2  
  198  13:44  Extractor  
  198  13:45  Extractor  
  196  14:01  Brood Lord  
  198  14:07  Hatchery  
  198  14:09  Baneling x13  
  197  14:10  Baneling x13  
  197  14:15  Corruptor x3  
  199  14:24  Corruptor x2  
  199  14:31  Zerg Flyer Weapons Level 2  
  199  14:43  Corruptor x3  
  199  14:45  Zergling x12  
  199  14:52  Zergling x12  
  197  15:08  Corruptor  
  197  15:12  Zerg Missile Weapons Level 2  
  197  15:13  Zerg Melee Weapons Level 3  
  199  15:20  Corruptor  
  198  15:27  Corruptor x3  
  199  15:34  Zergling x22  
  196  15:36  Zergling x14  
  196  15:37  Zergling x2  
  196  15:40  Baneling x8  
  189  15:45  Corruptor x5  
  189  15:47  Zergling x2  
  198  16:00  Zergling x6  
  198  16:01  Zergling x2  
  197  16:06  Corruptor  
  195  16:15  Zergling x2, Baneling x17  
  195  16:16  Zergling x2  
  200  16:18  Pathogen Glands  
  200  16:29  Brood Lord x2  
  197  16:39  Baneling  
  197  16:40  Baneling x15  
  197  16:47  Zergling x10  
  197  16:48  Zergling x6  
  197  16:52  Zergling x18  
  186  16:56  Zergling x14  
  186  16:59  Zergling x10  
  184  17:04  Hydralisk x2  
  184  17:08  Hydralisk x4  
  169  17:10  Hydralisk  
  169  17:11  Hydralisk x2  
  169  17:13  Hydralisk x3  
  172  17:20  Zergling x6  
  172  17:21  Baneling x12  
  174  17:22  Overseer  
  174  17:23  Overseer x2  
  174  17:29  Zergling x8  
  178  17:33  Hydralisk x2  
  182  17:37  Hydralisk x5  
  192  17:47  Hydralisk  
  192  17:48  Zergling x12  
  192  17:50  Baneling x11  
  196  18:00  Queen  
  196  18:01  Drone x2  
  200  18:16  Baneling x5  
  200  18:26  Hydralisk  
  200  18:27  Zergling x8, Hydralisk x3  
  190  18:28  Zergling x2  
  190  18:30  Zergling x22  
  190  18:32  Overseer  
  196  18:36  Zergling x14  
  167  18:42  Hydralisk x5  
  167  18:48  Hydralisk x7  
  157  18:51  Queen, Overseer  
  171  18:57  Baneling, Hydralisk  
  171  18:58  Zergling x6, Baneling x10, Hydralisk x2  
  171  19:02  Baneling x8  
  182  19:03  Zergling x12  
  182  19:07  Zergling x2  
  184  19:10  Baneling  
  184  19:11  Baneling x4  
  184  19:13  Zergling x8  
  185  19:20  Zergling x16  
  185  19:21  Zergling x6  
  184  19:28  Hydralisk x3  
  184  19:30  Zergling x6  
  190  19:40  Zergling x8  
  190  19:41  Hydralisk  
  164  19:46  Overseer x3  
  164  19:48  Zergling x16  
  164  19:50  Zergling x2  
  164  19:51  Hatchery  
  164  19:52  Viper x2  
  146  19:57  Zergling x10  
  123  20:00  Hydralisk x3  
  123  20:02  Zergling x2  
Tags
 
Add a new tag
Caveats
  • Supply blocks, unpowered buildings, or Contaminate may cause inaccurate times.
  • Supply counts are checked every 10 seconds.